Map: Void Thrashing

Players

RandomHT

  • Race: Protoss Protoss
  • Spawn Location: 6:00

Silinya

  • Race: Protoss Protoss
  • Spawn Location: 9:00

VOD

Have the link to the VOD?

Description

Just me messing around in Co op

Time

  • Played on: June 27, 2022, 5:01 a.m.
  • Length: 19:42
Show
View Real Time Build Order
Export as new Build Order

RandomHT Protoss 

Build Orders:  

Get SALT Encoding   

  12  0:06  Probe (Chrono Boost)  
  13  2:08  Probe (Chrono Boost)  
  14  2:18  Pylon  
  14  2:22  Probe (Chrono Boost)  
  14  2:23  Pylon  
  14  2:27  Pylon  
  15  2:33  Pylon  
  15  2:40  Pylon  
  15  2:42  Probe (Chrono Boost)  
  15  2:48  Assimilator  
  16  2:54  Assimilator  
  16  2:56  Probe (Chrono Boost)  
  17  3:10  Probe (Chrono Boost), Pylon  
  18  3:24  Probe (Chrono Boost)  
  19  3:38  Probe (Chrono Boost)  
  20  3:52  Probe (Chrono Boost)  
  21  4:06  Probe (Chrono Boost)  
  22  4:14  Gateway  
  22  4:17  Gateway  
  22  4:18  Gateway  
  22  4:19  Gateway  
  27  4:20  Probe (Chrono Boost)  
  23  4:33  Probe (Chrono Boost)  
  24  5:55  Probe (Chrono Boost)  
  25  6:09  Probe (Chrono Boost)  
  26  6:23  Probe (Chrono Boost)  
  27  6:37  Probe (Chrono Boost)  
  28  6:50  Probe (Chrono Boost)  
  29  7:12  Nexus  
  29  7:25  Nexus  
  29  7:29  Assimilator  
  29  7:31  Assimilator  
  29  7:34  Pylon x2  
  29  7:53  Forge  
  29  8:01  Forge  
  29  8:07  Cybernetics Core  
  29  9:48  Probe (Chrono Boost)  
  30  9:56  Probe x2 (Chrono Boost)  
  32  10:02  Probe (Chrono Boost)  
  33  10:10  Probe x2 (Chrono Boost)  
  33  10:16  Probe (Chrono Boost)  
  36  10:24  Probe x2 (Chrono Boost)  
  38  10:30  Probe (Chrono Boost)  
  38  10:37  Probe (Chrono Boost)  
  38  10:38  Probe (Chrono Boost)  
  41  10:44  Probe (Chrono Boost)  
  42  10:51  Probe (Chrono Boost)  
  42  10:52  Probe (Chrono Boost)  
  44  11:05  Probe (Chrono Boost)  
  45  11:22  Probe x2 (Chrono Boost)  
  45  11:23  Probe (Chrono Boost)  
  48  11:36  Probe x3 (Chrono Boost)  
  51  11:50  Probe x3 (Chrono Boost)  
  54  12:04  Probe x3 (Chrono Boost)  
  57  12:17  Probe (Chrono Boost)  
  57  12:18  Probe x2 (Chrono Boost)  
  60  12:31  Probe (Chrono Boost)  
  60  12:32  Probe x2 (Chrono Boost)  
  63  14:12  Probe (Chrono Boost)  
  63  14:13  Probe x2 (Chrono Boost)  
  66  14:26  Probe (Chrono Boost)  
  66  14:27  Probe x2 (Chrono Boost)  
  69  14:40  Probe (Chrono Boost)  
  69  14:41  Probe x2 (Chrono Boost)  
  72  14:54  Probe (Chrono Boost)  
  72  14:55  Probe x2 (Chrono Boost)  
  75  15:08  Probe x3 (Chrono Boost)  
  78  15:26  Probe x3 (Chrono Boost)  
  95  15:40  Probe x3 (Chrono Boost)  
  84  15:54  Probe (Chrono Boost)  
  84  15:55  Probe x2 (Chrono Boost)  
  87  16:08  Probe (Chrono Boost)  
  87  16:09  Probe x2 (Chrono Boost)  
  90  16:22  Probe (Chrono Boost)  
  90  16:23  Probe x2 (Chrono Boost)  
  93  16:35  Probe (Chrono Boost)  
  93  16:37  Probe x2 (Chrono Boost)  
  96  16:49  Probe (Chrono Boost)  
  96  16:51  Probe x2 (Chrono Boost)  
Show
View Real Time Build Order
Export as new Build Order

Silinya Protoss 

Build Orders:  

Get SALT Encoding   

  12  0:04  Probe (Chrono Boost)  
  13  0:17  Probe (Chrono Boost)  
  14  0:33  Probe (Chrono Boost)  
  15  0:44  Xel'Naga Passageway  
  15  0:46  Probe (Chrono Boost)  
  16  1:01  Probe (Chrono Boost)  
  17  1:15  Probe (Chrono Boost)  
  18  1:29  Probe (Chrono Boost)  
  19  1:44  Probe (Chrono Boost)  
  19  1:47  Xel'Naga Ambusher  
  22  2:03  Core Forge  
  22  2:09  Probe (Chrono Boost)  
  24  2:30  Xel'Naga Ambusher, Probe (Chrono Boost)  
  26  3:22  Constructs Facility  
  26  3:34  Ancient Nexus  
  26  3:51  Void Shrine  
  26  3:56  Constructs Facility  
  26  4:19  Unknown  
  26  4:31  Unknown  
  26  5:09  Unknown  
  26  5:27  Unknown  
  26  6:02  Constructs Bay  
  26  6:24  Unknown  
  26  6:36  Unknown  
  26  6:48  Unknown  
  26  6:58  Unknown  
  26  7:07  Unknown  
  26  7:28  Xel'Naga Enforcer x2  
  34  7:35  Zoraya Legion  
  34  7:53  Unknown  
  34  8:02  Unknown  
  34  8:10  Unknown  
  34  8:20  Unknown  
  34  8:29  Unknown  
  34  8:37  Unknown  
  34  8:45  Unknown  
  34  8:53  Unknown  
  34  9:11  Unknown  
  34  9:22  Unknown  
  34  9:30  Unknown  
  34  9:46  Unknown  
  34  10:05  Unknown  
  34  10:58  Zoraya Legion  
  34  11:02  Zoraya Legion  
  34  11:22  Unknown  
  34  11:24  Unknown  
  34  11:27  Unknown  
  34  11:30  Unknown  
  34  11:34  Unknown  
  34  11:45  Unknown  
  34  11:48  Unknown  
  34  11:51  Unknown  
  34  11:55  Unknown  
  34  11:58  Unknown  
  34  12:36  Probe (Chrono Boost)  
  35  12:49  Probe (Chrono Boost)  
  36  13:03  Probe (Chrono Boost)  
  37  13:10  Tesseract Cannon  
  37  13:14  Tesseract Cannon  
  37  13:17  Probe (Chrono Boost)  
  37  13:18  Tesseract Cannon  
  38  13:21  Tesseract Cannon  
  38  13:24  Tesseract Cannon  
  38  13:31  Probe (Chrono Boost)  
  39  13:42  Unknown  
  39  13:47  Xel'Naga Shieldguard  
  39  13:53  Xel'Naga Abrogator x2  
  47  14:23  Unknown  
  47  14:24  Xel'Naga Shieldguard  
  47  14:27  Unknown  
  49  14:30  Unknown  
  49  14:32  Unknown  
  49  14:33  Xel'Naga Enforcer  
  49  14:34  Xel'Naga Abrogator  
  49  14:38  Unknown  
  49  14:41  Unknown  
  49  14:43  Unknown  
  49  14:47  Unknown  
  49  14:49  Unknown  
  56  14:52  Unknown  
  56  14:54  Unknown  
  56  14:56  Unknown  
  56  14:59  Unknown  
  56  15:01  Xel'Naga Shieldguard, Unknown  
  56  15:04  Unknown  
  56  15:06  Unknown  
  56  15:08  Unknown  
  58  15:11  Unknown  
  58  15:13  Unknown  
  58  15:15  Unknown  
  58  15:18  Unknown  
  58  15:20  Unknown  
  58  15:22  Unknown  
  58  15:25  Unknown  
  58  15:27  Unknown  
  58  15:30  Unknown  
  58  15:37  Unknown  
  58  15:38  Xel'Naga Shieldguard  
  60  15:40  Unknown  
  60  15:43  Unknown  
  60  15:46  Unknown  
  60  16:11  Unknown  
  60  16:14  Unknown  
  60  16:18  Unknown  
  60  16:22  Unknown  
  60  16:39  Unknown  
  60  16:52  Unknown  
  60  16:56  Unknown  
  60  17:01  Unknown  
  60  17:05  Unknown  
  60  17:26  Unknown  
  60  17:29  Unknown  
  60  17:31  Unknown  
  60  17:34  Unknown  
  60  17:43  Unknown  
  60  17:50  Zoraya Legion  
  60  18:06  Unknown  
  60  18:11  Unknown  
  60  18:16  Unknown  
  60  18:19  Unknown  
  60  18:31  Unknown  
  60  18:35  Unknown  
  60  18:38  Unknown  
  60  18:43  Unknown  
  60  18:55  Unknown  
  60  18:58  Unknown  
  60  19:02  Unknown  
  60  19:05  Unknown  
  60  19:08  Unknown  
Tags
 
Add a new tag
Caveats
  • Supply blocks, unpowered buildings, or Contaminate may cause inaccurate times.
  • Supply counts are checked every 10 seconds.